 Dungeon Crawl Stone Soup version 0.30.1-4-g462c640d31 (webtiles) character file.

Game seed: 12467113912983144760

359 hilljack the Caller (level 6, -1/41 HPs)
             Began as a Human Summoner on Aug 13, 2023.
             Was an Initiate of Sif Muna.
             Slain by a killer bee (2 damage)
             ... on level 5 of the Dungeon.
             The game lasted 00:08:31 (4091 turns).

hilljack the Caller (Human Summoner)                Turns: 4091, Time: 00:08:31

Health: -1/41      AC:  3    Str:  8    XL:     6   Next: 98%
Magic:  4/11       EV: 12    Int: 17    God:    Sif Muna [......]
Gold:   119        SH:  0    Dex: 14    Spells: 2/12 levels left

rFire   . . .        j - +1 spear (elec)
rCold   . . .        (no shield)
rNeg    . . .        a - +0 robe
rPois   .            (no helmet)
rElec   .            i - +0 cloak
rCorr   .            (no gloves)
SInv    .            (no boots)
Will    .....        (no amulet)
Stlth   ++           (no ring)
HPRegen 0.26/turn    (no ring)
MPRegen 0.12/turn

%: no passive effects
@: lethally poisoned (-1 -> -4)
A: no striking features
a: Renounce Religion


You were on level 5 of the Dungeon.
You worshipped Sif Muna.
Sif Muna was noncommittal.
You visited 1 branch of the dungeon, and saw 5 of its levels.

You collected 119 gold pieces.

Inventory:

Hand Weapons
 j - a +1 spear of electrocution (weapon)
Armour
 a - a +0 robe (worn)
 i - a +0 cloak (worn)
Magical Staves
 h - a staff of cold
Scrolls
 g - 2 scrolls of brand weapon
 m - a scroll of blinking
 p - a scroll of poison {unknown}
 q - a scroll of noise {unknown}
 r - a scroll of immolation {unknown}
 s - a scroll of identify
 t - a scroll of fog
Potions
 b - a potion of magic
 c - 3 potions of curing
 d - 2 potions of might {unknown}
 e - 2 potions of heal wounds {unknown}
 f - 3 potions of degeneration {unknown}
 k - a potion of haste {unknown}
 l - a potion of resistance {unknown}
 n - a potion of flight {unknown}
 o - a potion of mutation {unknown}


   Skills:
 - Level 2.0 Dodging
 - Level 2.0 Stealth
 + Level 3.7 Spellcasting
 * Level 6.4 Summonings
 + Level 1.9 Air Magic


You had 2 spell levels left.
You knew the following spells:

 Your Spells              Type           Power      Damage    Failure   Level
a - Summon Small Mammal   Summ           100%       N/A       1%          1
b - Call Imp              Summ           50%        N/A       1%          2
c - Call Canine Familiar  Summ           25%        N/A       3%          3
d - Summon Lightning Spi  Summ/Air       17%        N/A       28%         4

Your spell library contained the following spells:

 Spells                   Type           Power      Damage    Failure   Level
 Ensorcelled Hibernation  Hex/Ice        6%         N/A       24%         2
 Passwall                 Tmut/Erth      2%         N/A       24%         2
 Sublimation of Blood     Necr           3%         N/A       24%         2
 Wereblood                Tmut           3%         N/A       24%         2
 Summon Guardian Golem    Hex/Summ       14%        N/A       13%         3
 Swiftness                Air            9%         N/A       22%         3
 Summon Hydra             Summ           12%        N/A       100%        7


Dungeon Overview and Level Annotations

Branches:
Dungeon (4/15)
 Temple: D:4-7

Altars:
Sif Muna

Shops:
D:2 (   D:5 (


Message History

Your cerulean imp dies!
Your cerulean imp disappears in a puff of smoke!
You completely miss the orc.
You feel sick.
Your hound closely misses the killer bee.
The killer bee closely misses your hound.
The orc hits you with a +0 club.
Your hound closely misses the killer bee.
The killer bee barely misses your hound.
You miss the killer bee.
You feel sick. The killer bee closely misses you.
The killer bee stings your hound.
Your hound bites the killer bee.
The orc closely misses you. The killer bee completely misses you.
The killer bee stings your hound!
Your hound looks as sick as possible!
The killer bee poisons your hound! The killer bee closely misses you.
Your hound bites the killer bee.
The killer bee dies!
Sif Muna accepts your kill. The orc attacks as you move away!
The orc hits you but does no damage.
You feel sick.
Your hound dies!
Your hound's corpse disappears in a puff of smoke!
The killer bee stings you.
You are more poisoned.
The killer bee poisons you!
You feel sick. The killer bee stings you.
* * * LOW HITPOINT WARNING * * *
You feel sick. The killer bee barely misses you.
Casting: Call Canine Familiar (dangerous; 3% risk of failure)
Confirm with . or Enter, or press ? or * to list all spells.
A tiny devil pulls itself out of the air.
Your cerulean imp says, "You called?"
You feel sick. The killer bee barely misses you.
The orc completely misses your cerulean imp.
The killer bee stings you!
* * * LOW HITPOINT WARNING * * *
* * * LOW HITPOINT WARNING * * *
You feel sick. The killer bee closely misses you.
The orc hits your cerulean imp with a +0 club.
The killer bee stings you.
You die...

# #.# #.# #. #.# #.#
#.# #.# #.# #.# #.#
#.# #.### #.# #.^
##..# #.# ###
##†#.### #.#
#.)..o5#########.#
.....##.#yy@........#
..#.# #[#############
#. #. #.. # # ###


You could see 2 killer bees, an orc and a friendly cerulean imp (summoned).

Vanquished Creatures
  2 iguanas (D:5)
  An ufetubus (D:5)
  A worm (D:3)
  2 dart slugs (D:1)
  2 ball pythons (D:1)
  4 endoplasms
  2 giant cockroaches
  3 goblins
  6 hobgoblins
  3 kobolds
  2 quokkas
  3 bats
  8 frilled lizards
  4 rats
43 creatures vanquished.

Vanquished Creatures (collateral kills)
  Blork the orc (D:5)
  A killer bee (D:5)
  A hound (D:5)
  An orc wizard (D:3)
  5 gnolls
  2 worms
  6 orcs
  2 ball pythons (D:1)
  An endoplasm (D:2)
  2 goblins
  4 hobgoblins
  2 jackals (D:2)
  A quokka (D:2)
  3 bats
  6 frilled lizards
  A rat (D:1)
39 creatures vanquished.

Grand Total: 82 creatures vanquished

Notes
Turn   | Place    | Note
-------+----------+-------------------------------------------
     0 | D:1      | hilljack the Human Summoner began the quest for the Orb.
     0 | D:1      | Reached XP level 1. HP: 13/13 MP: 3/3
   105 | D:1      | Reached XP level 2. HP: 16/19 MP: 3/5
   513 | D:1      | Learned a level 2 spell: Call Imp
   857 | D:1      | Reached XP level 3. HP: 24/24 MP: 2/6
  1066 | D:1      | Found a faded altar of an unknown god.
  1558 | D:2      | Reached XP level 4. HP: 16/30 MP: 4/7
  1688 | D:2      | Reached skill level 5 in Summonings
  1905 | D:2      | Found Plog's Weapon Shoppe.
  2387 | D:3      | Learned a level 3 spell: Call Canine Familiar
  2467 | D:3      | Reached XP level 5. HP: 17/35 MP: 5/9
  3308 | D:3      | Learned a level 4 spell: Summon Lightning Spire
  3410 | D:4      | You fall into a shaft and drop 1 floor!
  3410 | D:5      | Entered Level 5 of the Dungeon
  3413 | D:5      | Noticed Blork the orc
  3427 | D:5      | Killed Blork the orc
  3479 | D:5      | Reached skill level 6 in Summonings
  3479 | D:5      | Reached skill level 1 in Air Magic
  3479 | D:5      | Reached XP level 6. HP: 41/41 MP: 4/11
  3609 | D:5      | Found Caubavin's Weapon Boutique.
  3702 | D:5      | Found a shimmering blue altar of Sif Muna.
  3924 | D:5      | Became a worshipper of Sif Muna the Loreminder
  4090 | D:5      | HP: 1/41 [killer bee (7)]
  4091 | D:5      | Slain by a killer bee

Illustrated notes

Levels and vault maps discovered:
D:1:      scummos_arrival_checkerplants, layout_basic,
          chequers_ecumenical_altar_simple_redux, minmay_pentomino_v4
D:2:      layout_rooms, serial_shops, shop, kennysheep_generic_room_9
D:3:      layout_basic, minmay_lizard_king
D:4:      layout_gridville, mainiacjoe_overflow_catwalk,
          gammafunk_temple_overflow_statue, pdpol_wu_jian_five_deadly_venoms,
          minmay_temple_entry_hall, serial_shops, shop, roderic_roman_lattice,
          hangedman_decor_points
D:5:      layout_loops_ring, lemuel_round_altar, gammafunk_ghost_necromancy,
          serial_shops, nicolae_shop_statue_plus, uniq_eustachio, uniq_duvessa,
          uniq_blork_the_orc

Skill      XL: |  1  2  3  4  5 |
---------------+----------------+-----
Summonings     | 5 6 |  6.4
Spellcasting   | 3 |  3.7
Air Magic      | 1 |  1.9
Dodging        | |  2.0
Stealth        | |  2.0

Action                     |  1- 3 |  4- 6 || total
---------------------------+-------+-------++-------
  Melee: Unarmed           |     7 |       ||     7
         Staff             |    29 |       ||    29
         Club              |     6 |       ||     6
         Punch             |     1 |       ||     1
         Spear             |    18 |   103 ||   121
   Cast: Summon Small Mamm |    19 |     1 ||    20
         Call Imp          |     7 |    17 ||    24
         Call Canine Famil |       |     9 ||     9
    Use: Scroll            |     3 |     4 ||     7
   Stab: Sleeping          |     2 |     3 ||     5
         Distracted        |       |     2 ||     2
 Armour: Robe              |    21 |    10 ||    31
  Dodge: Dodged            |    66 |    31 ||    97
